AoeStats
← BraniacTr

Arena

511029092Analyzed
3v3 RM · 7h ago on Oct 3, 2026· 29m 44s· 6 players
Game mode
Random Map
Map size
Normal (6 player)
Population
200
Speed
Normal
Resources
Standard
Victory
Conquest
Starting age
Dark Age
Ending age
Imperial Age
RankedLock teamsTeams togetherTeam positionsShared explorationLock speedFull tech treeHidden civsTurbo modeCheats
Victory
Defeat
🇮🇹 Italians · Italy
965
+8
🇨🇴 Romans · Colombia
704
+18
🇨🇴 Japanese · Colombia
685
+18
🇹🇭 Mongols · Thailand
784
-16
🇺🇸 Teutons · United States
753
-15
🇹🇷 Huns · Türkiye
707
-13
Alberto Picante
0:31 Loom
14:45 Feudal Age
16:02 Wheelbarrow
15:10 Horse Collar
15:17 Double-Bit Axe
15:27 Gold Mining
16:22 Stone Mining
22:58 Castle Age
21:38 Man-at-Arms
22:46 Fletching
24:23 Hand Cart
24:12 Heavy Plow
24:24 Bow Saw
24:57 Stone Shaft Mining
ch.sa.big
1:26 Loom
10:45 Feudal Age
11:29 Double-Bit Axe
11:27 Horse Collar
14:07 Wheelbarrow
14:18 Gold Mining
22:28 Castle Age
20:32 Padded Archer Armor
20:23 Fletching
20:30 Fletching
21:00 Stone Mining
21:01 Man-at-Arms
21:27 Arson
23:54 Long Swordsman
25:08 Squires
25:21 Forging
25:12 Scale Mail Armor
25:33 Bow Saw
25:26 Heavy Plow
25:30 Bodkin Arrow
BraniacTr
0:38 Loom
11:54 Feudal Age
13:15 Wheelbarrow
12:29 Double-Bit Axe
12:29 Horse Collar
19:54 Castle Age
18:47 Stone Mining
18:49 Gold Mining
20:46 Bow Saw
20:55 Hand Cart
20:46 Heavy Plow
22:58 Gold Shaft Mining
25:33 Arson
25:48 Squires
26:56 Forging
26:48 Scale Mail Armor
Deyns1020
11:38 Feudal Age
16:09 Castle Age
16:13 Double-Bit Axe
16:00 Man-at-Arms
17:02 Long Swordsman
18:56 Scale Mail Armor
21:08 Squires
21:31 Forging
22:46 Chain Mail Armor
23:25 Town Watch
Moloxy
0:28 Loom
13:04 Feudal Age
17:35 Castle Age
25:06 Scale Mail Armor
25:16 Forging
maalrugu
11:09 Feudal Age
9:25 Loom
14:55 Castle Age
24:00 Fletching
24:10 Padded Archer Armor
24:18 Double-Bit Axe
24:14 Horse Collar
24:26 Gold Mining
26:43 Bodkin Arrow
27:04 Leather Archer Armor
31:44 Imperial Age
Connection lost

Rejoining the realm…

Still unreachable

The connection could not be restored.

Session expired

The server has moved on; the page needs a fresh start.